[Event "85th Tata Steel Challengers 2023"]
[Site "Wijk aan Zee"]
[Date "2023.01.16"]
[Round "3.3"]
[White "Tabatabaei, M. Amin"]
[Black "Supi, Luis Paulo"]
[Result "1/2-1/2"]
[ECO "B90"]
[WhiteElo "2686"]
[BlackElo "2608"]
[Annotator "TA"]
[PlyCount "97"]
[EventDate "2023.01.10"]
[EventType "tourn"]
[EventCountry "NED"]
[SourceTitle "playchess.com"]
[Source "ChessBase"]
[SourceQuality "1"]
[TimeControl "40/6000+30:30/3000+30:900+30"]

1. e4 c5 2. Nf3 d6 3. d4 cxd4 4. Nxd4 Nf6 5. Nc3 a6 6. Qd3 {[%emt 0:00:11] B90: Sicilian Najdorf: Unusual White 6th moves, 6 Be3 Ng4 and 6 Be3 e5.} Nbd7 7. Be2 e6 8. a4 {[%emt 0:04:08] White has an edge. 8.g4 is setting a new trend.} b6 9. O-O Bb7 10. Qg3 Nxe4 11. Nxe4 Bxe4 12. Re1 Nf6 {[%emt 0:04:19] [#]} 13. a5 $146 ({Predecessor:} 13. Bd2 d5 14. Bf3 Bxf3 15. Qxf3 Bc5 16. Bc3 Ne4 17. b4 Bd6 18. Bb2 Qc7 19. Qh3 {0-1 Van Foreest,J (2701)-Duda,J (2729) EU-Cup Online Final rapid 2021 (1.1)}) 13... bxa5 14. Bd2 (14. Bc4 $11) 14... Be7 $15 15. Bxa5 (15. Qxg7 $2 {loses.} Rg8 16. Qh6 Rxg2+ 17. Kf1 Rg6 $19) 15... Qd7 16. Bc3 (16. Qxg7 $2 {perishes.} Rg8 $19) (16. Bd2 $15) 16... O-O $17 17. Bd3 Bxd3 18. Qxd3 Qb7 19. Ra5 Nd5 ({Black should try} 19... d5 $17 {Strongly threatening ...Ne4.} 20. f3 Bb4) 20. Nf5 Nxc3 21. Nxe7+ Qxe7 22. Qxc3 h6 23. Qd3 Qb7 24. Qxd6 Qxb2 25. Rxa6 Rxa6 26. Qxa6 Qxc2 {[%emt 0:00:03][%mdl 4096] Endgame KQR-KQR} 27. Qe2 Qc5 28. Qe3 Qe7 29. g3 Rd8 30. h4 Qb4 31. Kg2 Re8 32. Qe4 Qb5 (32... Qxe4+ {simplifies} 33. Rxe4 Rd8 34. g4 h5) 33. Rb1 Qc5 34. Qf3 Qd6 35. Rb7 Rf8 36. Ra7 e5 (36... Qc5 $17 37. Ra3 Rc8) 37. Qb7 Qe6 38. Ra6 Qf5 39. Qf3 Qc2 (39... Qxf3+ {simplifies} 40. Kxf3 h5 41. Ke4 f6) 40. Qd5 e4 ({Black should play} 40... Re8 $15) 41. Ra2 $36 {[%emt 0:52:33][%mdl 2048] White has the initiative. The position is equal.} Qb1 42. Ra8 g6 43. Rxf8+ Kxf8 {[%emt 0:00:01] KQ-KQ} 44. Qd8+ Kg7 45. Qd4+ Kh7 46. Qd5 {[%emt 0:00:06] Wards off Qb7} Kg7 47. Qe5+ Kh7 48. Qd5 Kg7 49. Qe5+ {[%emt 0:00:06] Weighted Error Value: White=0.14 (very precise) /Black=0.12 (very precise)} 1/2-1/2

[Event "85th Tata Steel Challengers 2023"]
[Site "Wijk aan Zee"]
[Date "2023.01.16"]
[Round "3.4"]
[White "Warmerdam, Max"]
[Black "Roebers, Eline"]
[Result "1/2-1/2"]
[ECO "E11"]
[WhiteElo "2616"]
[BlackElo "2361"]
[Annotator "TA"]
[PlyCount "169"]
[EventDate "2023.01.10"]
[EventType "tourn"]
[EventCountry "NED"]
[SourceTitle "playchess.com"]
[Source "ChessBase"]
[SourceQuality "1"]
[TimeControl "40/6000+30:30/3000+30:900+30"]

1. d4 Nf6 2. c4 e6 3. Nf3 Bb4+ 4. Nbd2 O-O 5. a3 Be7 6. e4 d6 {[%emt 0:00:26] E11: Bogo-Indian.} (6... d5 $5 ) 7. Be2 e5 {[%emt 0:02:30] 7...Nfd7 is a critical line.} 8. dxe5 dxe5 {[%emt 0:00:06] White is slightly better.} 9. Nxe5 Re8 10. Nef3 {[%emt 0:06:35] [#]} Bf8 $146 ({Predecessor:} 10... Nc6 11. O-O a5 12. b3 Bc5 13. Bb2 Nxe4 14. Nxe4 Qxd1 15. Raxd1 Rxe4 16. Bd3 Re8 {½-½ Van Wely,L (2646)-Bachmann,A (2648) ESP-chT CECLUB Honor 2017 (4.3)}) 11. O-O Nc6 12. Qc2 Bf5 13. Bd3 Bg6 14. Re1 Qd6 15. Qc3 a5 16. h3 Nd7 17. Bc2 Be7 18. Nf1 {[%emt 0:09:34] Rd1 is the strong threat.} (18. e5 {is more complex.} Ncxe5 19. Nxe5 Bf6 20. Bxg6 hxg6 21. f4) 18... Bf6 19. Qd2 Qxd2 20. N1xd2 Nc5 21. Rb1 a4 {[%emt 0:01:05][%mdl 1024] Black has compensation.} 22. g4 Rad8 23. Re2 Na5 24. g5 Be5 (24... Be7 $17 25. Re3 Bd6) 25. Nxe5 $11 Rxe5 26. Nf3 Rxe4 27. Bxe4 Bxe4 28. Rxe4 Nxe4 29. Bf4 Nxc4 30. Bxc7 Rd3 31. Re1 $1 f5 (31... Rxf3 $2 32. Rxe4 h6 33. Rxc4 $18) 32. gxf6 $1 Nxf6 {[%emt 0:00:06] A dynamic duo of knights.} 33. Kg2 {[%emt 0:01:56] [#]} (33. Ne5 $15 Nxe5 34. Bxe5) 33... b5 ({Inferior is} 33... Nxb2 34. Rb1 Nd1 35. Rxb7 $11) (33... Rb3 $1 $17 34. Be5 Nxb2) 34. Ne5 Nxe5 35. Bxe5 {[%emt 0:00:12][%mdl 4096] Endgame KRB-KRN} Kf7 36. Rc1 Nd7 (36... Ke6 $15 37. Rc3 Rxc3 38. Bxc3 Kf5) 37. Rc7 g6 38. Bc3 Ke6 39. Rc8 Rd5 40. Rh8 Rh5 41. Kg3 Nc5 {[%emt 0:03:16] Strongly threatening ...Ne4+.} 42. f3 {[%emt 0:00:00] Prevents Ne4+} Rg5+ 43. Kf4 Rh5 44. Kg4 Nb7 45. Be1 Nd6 46. Rb8 Rf5 47. Bc3 Nf7 48. f4 Nh6+ 49. Kf3 Nf7 50. Kg3 Rd5 51. Rb6+ Kd7 52. Rb7+ Ke6 53. Rb6+ Kd7 54. Rb7+ Ke6 55. h4 Nd6 56. Rxh7 Kf5 57. Kf3 {[%emt 0:03:47] Hoping for h5.} Rd3+ 58. Ke2 Rh3 59. Rd7 Ke6 60. Rg7 Kf5 61. Rd7 Ke6 62. Rh7 Kf5 63. Bb4 Nc4 64. Rb7 Ke4 65. Rxb5 Rh2+ 66. Ke1 Nxb2 67. Re5+ $2 {[%emt 0:01:27][%mdl 8192] [#]} (67. Rb6 $1 $11 {and White is okay.}) 67... Kxf4 $2 (67... Kf3 $1 $19 {is more deadly. ...Nd3+ would be deadly.} 68. Re8 (68. Rd5 $2 Nc4 $19) 68... Nd3+ 69. Kd1 Nxb4 70. axb4 a3) 68. Rb5 $17 {[%emt 0:01:23] Threatens to win with Bd6+.} Nd3+ 69. Kd1 {[%emt 0:00:02] Black must now prevent Bd6+.} Ke3 ({Better is} 69... Rxh4 $15 70. Be7 Rh5) 70. Bc5+ $1 $11 {[%emt 0:00:15] The position is equal.} Nxc5 71. Rxc5 Rxh4 {[%emt 0:15:27] KR-KR} 72. Rg5 $1 {[%emt 0:00:20] Repels Rg4} Rd4+ 73. Kc2 Rd6 74. Ra5 Rc6+ 75. Kb2 Kf3 76. Rxa4 g5 77. Ra8 Rf6 ({Reject} 77... g4 $6 78. Rf8+ Ke3 79. Rg8 $17) 78. Rg8 g4 79. a4 g3 80. Kb3 $1 g2 81. a5 Rf4 {[%emt 0:00:44] ( -> ...Rg4)} 82. a6 {[%emt 0:00:10] Intending a7 and mate.} Rg4 83. Rxg4 Kxg4 84. a7 g1=Q 85. a8=Q {[%emt 0:00:03] Weighted Error Value: White=0.10 (very precise) /Black=0.11 (very precise)} 1/2-1/2

[Event "85th Tata Steel Challengers 2023"]
[Site "Wijk aan Zee"]
[Date "2023.01.16"]
[Round "3.5"]
[White "L'Ami, Erwin"]
[Black "Yilmaz, Mustafa"]
[Result "0-1"]
[ECO "B93"]
[WhiteElo "2627"]
[BlackElo "2609"]
[Annotator "TA"]
[PlyCount "76"]
[EventDate "2023.01.10"]
[EventType "tourn"]
[EventCountry "NED"]
[SourceTitle "playchess.com"]
[Source "ChessBase"]
[SourceQuality "1"]
[TimeControl "40/6000+30:30/3000+30:900+30"]

1. e4 c5 2. Nf3 d6 3. d4 cxd4 4. Nxd4 Nf6 5. Nc3 a6 6. f4 e5 7. Nf3 Nbd7 8. a4 Qc7 {[%emt 0:01:42] [#] B93: Sicilian Najdorf: 6 f4.} 9. g4 $146 ({Predecessor:} 9. Bd3 Be7 10. O-O O-O 11. Kh1 Nc5 12. Qe1 Re8 13. fxe5 dxe5 14. Qg3 Be6 15. Qxe5 Bd6 16. Qg5 h6 17. Qh4 Ng4 18. Nd5 Qd8 19. Bf4 Bxd5 20. Qxg4 Be6 21. Qg3 Bxf4 22. Qxf4 Nxd3 23. cxd3 Qxd3 24. Rad1 Qc4 25. Nd4 {½-½ Smirin,I (2607)-Dominguez Perez,L (2758) Wch Rapid Moscow 2019 (6)}) 9... exf4 (9... d5 $15 {keeps the upper hand.} 10. Nxd5 Nxd5 11. exd5 (11. Qxd5 exf4 12. Bd2 Be7 $17) 11... exf4) 10. g5 $16 Nh5 {[%emt 0:04:48] White is better.} 11. Nd5 Qd8 12. Nxf4 (12. Bxf4 Nxf4 13. Nxf4 Be7 $11) (12. Nd4 $16 g6 13. Be2 (13. Bxf4 $2 Nxf4 14. Nxf4 Qxg5 $19)) 12... Nxf4 $11 13. Bxf4 Nc5 14. Bc4 Be7 15. e5 (15. Bd5 {simplifies} O-O 16. c3 Bg4 17. O-O) 15... Be6 16. exd6 {[%emt 0:15:54] [#] And now Qd4 would win.} Bxc4 17. Qd4 Ne6 $1 (17... Qa5+ 18. Bd2 Qd8 19. Qxg7 $16 (19. Qxc5 Rc8 $16) (19. Qxc4 Bxd6 20. O-O-O O-O $11)) 18. Qxc4 Bxd6 19. Bxd6 Qxd6 20. Rd1 Qe7 (20... Qb6 {keeps more tension.} 21. Qb3 Qa5+ 22. Kf2 Rc8) 21. O-O Nxg5 22. Nxg5 Qxg5+ 23. Kh1 {[%emt 0:00:17][%csl Gf1][%cal Rc4f7] [#]} O-O 24. Rd7 b5 25. Qd4 ({Better is} 25. axb5 axb5 26. Qb3) 25... Qg6 26. axb5 axb5 27. Qd5 {[%emt 0:00:17][%cal Od7f7] Rdxf7! would be deadly.} Rae8 (27... Qxc2 {gets mated.} 28. Rdxf7 (28. Rfxf7 Kh8 $17) 28... h6 29. Rxf8+ Kh7 30. Rxa8 Kg6 31. Rg1+) 28. c3 h6 29. Rb7 (29. Qf5 $17 {keeps fighting.}) 29... Re2 $40 {[%emt 0:00:12][%mdl 128] Black attacks with force.} 30. Rxb5 $2 (30. b4) 30... Qc2 $2 (30... Rfe8 31. Qf3 Rd2) 31. Kg1 {[%emt 0:03:26] Dodges Rf2} (31. Qh5 $142) 31... Qg6+ $2 (31... Rxh2 32. Rb4 Rd2) 32. Kh1 Qc2 (32... Rfe8 $142 {[%cal Oe2f2] ( -> ...Rf2!)} 33. Qf3 Rd2) 33. Kg1 {[%emt 0:00:06] Wards off Rf2} Rxh2 {[%emt 0:01:06] ...Rd2 is the strong threat.} 34. Qf3 Rd2 {[%emt 0:01:08] Strongly threatening ...Qg6+.} 35. Rf5 (35. Rb4 $142) 35... Qb3 ({Weaker is} 35... Qxb2 36. Rxf7 Qb6+ 37. Kh1 Rxf7 38. Qxf7+ Kh7 39. Qf5+ Qg6 40. Qxg6+ Kxg6 41. Rg1+ Kf6 42. Rf1+ Ke7 43. Re1+ Kd7 44. Re5 $17) 36. Rf4 Rxb2 ({Worse is} 36... Qxb2 37. Rxf7 Qb6+ 38. Kh1 Rxf7 39. Qxf7+ Kh8 40. Qe8+ Kh7 41. Qe4+ Qg6 42. Qxg6+ Kxg6 43. Rg1+ Kf6 44. Rf1+ Kg6 45. Rg1+ Kf6 46. Rf1+ Kg6 $17) 37. Rb4 Qa2 38. Rxb2 Qxb2 {[%emt 0:00:02] Weighted Error Value: White=0.51/Black=0.73} 0-1

[Event "85th Tata Steel Challengers 2023"]
[Site "Wijk aan Zee"]
[Date "2023.01.16"]
[Round "3.6"]
[White "Beerdsen, Thomas"]
[Black "Pechac, Jergus"]
[Result "1/2-1/2"]
[ECO "C52"]
[WhiteElo "2515"]
[BlackElo "2637"]
[Annotator "TA"]
[PlyCount "71"]
[EventDate "2023.01.10"]
[EventType "tourn"]
[EventCountry "NED"]
[SourceTitle "playchess.com"]
[Source "ChessBase"]
[SourceQuality "1"]
[TimeControl "40/6000+30:30/3000+30:900+30"]

1. e4 e5 2. Nf3 Nc6 3. Bc4 Bc5 4. b4 Bxb4 5. c3 Ba5 6. d4 d6 7. Qb3 Qd7 8. O-O {[%emt 0:00:32] now supersedes 8.dxe5.} Bb6 {[%emt 0:00:20] C52: Evans Gambit Accepted: 5 c3 Ba5.} 9. Nbd2 (9. Bb5 $5 ) 9... Na5 10. Qc2 f6 {[%emt 0:02:02] Black has an edge.} 11. a4 Ne7 12. Ba2 Nec6 13. Ba3 exd4 {[%emt 0:04:36] [#]} 14. cxd4 $146 ({Predecessor:} 14. Nxd4 Bxd4 15. cxd4 Nxd4 16. Qd1 Ndc6 17. Nc4 Nxc4 18. Bxc4 a5 19. Qd2 Qe7 20. Rab1 {½-½ Enkalo,M (2342)-Ruiz Jarabo Pelayo,F (2290) W-Cup20 sf08 email 2015}) 14... Nxd4 15. Nxd4 Bxd4 16. Rad1 Qe7 {[%emt 0:10:45] [#]} (16... Nc6 $11 {keeps the balance.}) 17. e5 fxe5 $11 (17... Qxe5 18. Qxc7 Bd7 19. Rfe1 $18) 18. Nf3 Nc6 {[%emt 0:02:40] Threatens to win with ...Bb6.} 19. Bd5 Kd8 $2 (19... Be6 $1 $11 {and Black is okay.} 20. Bxc6+ bxc6 21. Nxd4 (21. Qxc6+ Kf7 $15) 21... exd4 22. Qxc6+ Kf7) 20. Rfe1 $1 $18 Qf6 (20... Qd7 $16 {might work better.}) 21. Bxc6 bxc6 22. Qxc6 (22. Bxd6 $1 $18 {and the rest is easy.} cxd6 23. Nxd4) 22... Rb8 $16 {[%emt 0:00:05] aiming for ...Bb7.} 23. Rc1 Bb6 ({Better is} 23... Rb7) 24. Nxe5 {[%emt 0:06:53][%cal Oa4a5] White is more active.} Re8 {[%emt 0:00:23] [#]} (24... Qxf2+ $2 25. Kh1 $18) (24... Bh3 $16 {was worth a try.}) 25. Bxd6 $1 cxd6 $11 {[%emt 0:05:20] [#]} (25... Bxf2+ 26. Kh1 Rxe5 27. Bxc7+ Ke7 28. Rxe5+ Be6 29. Bxb8 Kf7 30. Rf1) 26. Nf7+ {[%emt 0:00:51][%mdl 64] Deflection} Qxf7 27. Qxd6+ Qd7 28. Rxe8+ Kxe8 29. Qxb8 Kd8 (29... Bxf2+ $2 30. Kh1 (30. Kf1 $2 Qd3+ 31. Kxf2 Qd2+ 32. Kf3 Qxc1 $19) 30... Kd8 31. Qb4 $18 (31. Qb3 Qe6 $18)) 30. Qf4 {[%emt 0:01:50] Strongly threatening Qf8+.} (30. Kh1 $5) 30... Qf5 {[%emt 0:00:41] Wards off Qf8+. The position is equal.} 31. Qg3 g6 32. a5 {[%emt 0:02:02] The board is on fire.} Bxa5 {[%emt 0:03:58] A strong pair of Bishops.} 33. Qd6+ Bd7 {[%emt 0:00:45] ...Bb6 is the strong threat.} 34. Qb8+ Ke7 {[%emt 0:00:10] ...Bb6 would be deadly.} 35. Qxa7 Qd5 36. Qc5+ {[%emt 0:02:48] Blacks defense is rewarded with a draw. A brilliant game!   Weighted Error Value: White=0.19 (very precise) /Black=0.25 (precise)} 1/2-1/2

[Event "85th Tata Steel Challengers 2023"]
[Site "Wijk aan Zee"]
[Date "2023.01.16"]
[Round "3.7"]
[White "Sindarov, Javokhir"]
[Black "Vaishali, Rameshbabu"]
[Result "1-0"]
[ECO "B30"]
[WhiteElo "2654"]
[BlackElo "2425"]
[Annotator "TA"]
[PlyCount "73"]
[EventDate "2023.01.10"]
[EventType "tourn"]
[EventCountry "NED"]
[SourceTitle "playchess.com"]
[Source "ChessBase"]
[SourceQuality "1"]
[TimeControl "40/6000+30:30/3000+30:900+30"]

1. e4 c5 2. Nf3 Nc6 3. Bb5 e6 4. O-O Nge7 5. Re1 a6 6. Bf1 d5 7. d3 d4 {[%emt 0:09:03] The main line 7...d4 scores better than 7...g6. B30: Sicilian: 2...Nc6 3 Bb5, lines without ...g6.} 8. e5 Ng6 9. g3 Qc7 {[%emt 0:02:01][%cal Rc6e5] The position is equal.} 10. Bg2 Ngxe5 11. Nxe5 Nxe5 12. Bf4 Bd6 13. Qh5 Ng6 14. Bxd6 Qxd6 15. Nd2 O-O 16. Ne4 $36 {[%emt 0:00:03][%csl LRc5,LRd6][%mdl 2048] White has some pressure.} Qc7 17. Qxc5 Qxc5 18. Nxc5 {[%emt 0:00:04][%cal Oh2h4] [#]} Ra7 $146 ({Predecessor:} 18... Rb8 19. a4 b6 20. Nb3 Rd8 21. f4 Ne7 22. a5 Bb7 23. Bxb7 Rxb7 24. axb6 Rxb6 {1-0 Navara,D (2676)-Lammens,T (2223) EU-Cup 37th Mayrhofen 2022 (1.2)}) 19. Nb3 Rd8 $1 20. Na5 Ne7 21. a4 Nd5 (21... Bd7 $11) 22. Bxd5 {[%emt 0:06:40] White stays focused until the end.} Rxd5 23. Nc4 a5 24. Nb6 {[%emt 0:00:09][%csl LRc8,LRd5] White is more active.} Rc5 {[%emt 0:04:46] [#]} (24... Rd8 $1 $14) 25. Re4 $1 $16 e5 26. Nxc8 Rxc8 27. Rxe5 {[%emt 0:00:06][%mdl 4096] Endgame KRR-KRR} f6 {[%emt 0:00:13] [#]} (27... b6 $16) 28. Re7 $1 $18 Rxc2 29. Rae1 h5 30. Rd7 {[%emt 0:02:05] Black must now prevent Ree7.} Rxb2 (30... Kf8 {might work better.} 31. Ree7 (31. Rxd4 b5 $14) 31... Rxb2) 31. Ree7 (31. Rxd4 b6 $15) 31... Rb4 (31... Kf8 $142 32. Rf7+ Ke8 33. Rfe7+ Kf8 34. Rf7+ (34. Rxg7 Rb4 $18) 34... Ke8 35. Rxg7 Ra6) 32. Rxg7+ {[%emt 0:00:10] White is clearly winning.} Kh8 33. h4 Ra6 34. Rge7 {[%emt 0:00:07][%cal Rd7d8] Prevents Re6.} Ra8 {[%emt 0:00:07] Wards off Rd8+} 35. g4 Rb6 36. Rh7+ ({Weaker is} 36. Rxd4 Rb4 37. Rxb4 axb4 $16) 36... Kg8 37. Rxh5 {[%emt 0:00:19] Weighted Error Value: White=0.07 (flawless) /Black=0.32} 1-0

[Event "85th Tata Steel Challengers 2023"]
[Site "Wijk aan Zee"]
[Date "2023.01.17"]
[Round "4.1"]
[White "Roebers, Eline"]
[Black "Tabatabaei, M. Amin"]
[Result "1/2-1/2"]
[ECO "B60"]
[WhiteElo "2361"]
[BlackElo "2686"]
[Annotator "TA"]
[PlyCount "124"]
[EventDate "2023.01.10"]
[EventType "tourn"]
[EventCountry "NED"]
[SourceTitle "playchess.com"]
[Source "ChessBase"]
[SourceQuality "1"]
[TimeControl "40/6000+30:30/3000+30:900+30"]

1. e4 c5 2. Nf3 d6 3. d4 cxd4 4. Nxd4 Nf6 5. Nc3 Nc6 6. Bg5 Bd7 7. Nxc6 {[%emt 0:14:07] B60: Sicilian: Richter-Rauzer: Unusual Black 6th moves and 6...Bd7 without 7 Qd2.} bxc6 8. Bc4 h6 9. Bxf6 {[%emt 0:06:14][%mdl 64] [#] Remove Defender. White is slightly better.} exf6 {[%emt 0:00:13] [#] Black is weak on the light squares} 10. Qd3 $146 (10. Qh5 $14 {is more appropriate.} g6 11. Qf3) ({Predecessor:} 10. Qh5 g6 11. Qe2 Be7 12. O-O O-O 13. Rad1 Kg7 14. Kh1 f5 15. exf5 Bxf5 16. Rfe1 {0-1 Paravyan,D (2586)-Shevchenko,K (2649) MrDodgy Online Inv Gp-B 3rd blitz 2022 (2)}) 10... Be7 $11 11. O-O O-O 12. Ne2 a5 13. a4 Rb8 14. Bb3 {[%emt 0:00:25] [#]} f5 $1 {[%emt 0:03:07][%mdl 64] Deflection} 15. exf5 d5 16. c4 $1 Qb6 17. Bc2 Bf6 18. cxd5 cxd5 19. Nc3 d4 20. Nd5 Qd6 21. Nxf6+ Qxf6 22. Rfd1 Rb4 {[%emt 0:00:36][%cal Of8c8][%mdl 1024] Black has compensation.} 23. Rac1 Rc8 $1 24. b3 Rcb8 (24... Rc3 $17 25. Qd2 Bc6) 25. Qf3 Qd6 {[%emt 0:01:30] Wards off Qd5} (25... Bc6 $5 26. Be4 Bxe4 27. Qxe4 Rxb3 $11) 26. Rd2 Rc8 27. Rcd1 Re8 28. Qg3 Qf6 29. h3 (29. Qc7 $16 Qe5 30. Qxe5 (30. Qxd7 $2 Qe1+ {[%mdl 64] Back Rank} 31. Rxe1 Rxe1#) 30... Rxe5 31. f3 (31. Rxd4 $2 Rxd4 32. Kf1 Rxd1+ 33. Bxd1 Bxf5 $19)) 29... Re5 30. Qf3 (30. Rxd4 $2 {perishes.} Rxd4 31. Rd3 Re2 32. Rxd4 Qxd4 $19) 30... Bc6 31. Qg3 Rc5 32. Re2 (32. Qc7 {is interesting.} Re5 33. f4 Rc5 34. Re2) 32... Bd7 33. Qf3 Bxf5 34. Bxf5 (34. Re8+ {is more complex.} Kh7 35. Be4 Rb6 36. g4) 34... Rxf5 35. Qd3 {[%emt 0:01:30] Threatens to win with Re8+.} g6 36. Rdd2 (36. Re8+ {seems wilder.} Kg7 37. Qc2 Rb6 38. Re4) 36... Kg7 37. Qc2 {[%emt 0:01:00] Wards off Rc5} h5 38. Rd3 h4 39. Re4 Re5 40. Qe2 (40. Rexd4 Re1+ 41. Kh2 Rxd4 42. Rxd4 Qxd4 43. g4 hxg3+ 44. Kxg3 Qe5+ 45. Kg2 Qd5+ 46. Kg3 Rg1+ 47. Kf4 g5+ 48. Ke3 Re1+) (40. Rdxd4 Rxd4 41. Re3 Rxe3 42. fxe3 Rd5 $19) 40... Re6 41. Qg4 Rxe4 42. Qxe4 {[%emt 0:00:44][%mdl 4096] Endgame KQR-KQR} Qd8 43. Qe5+ Kg8 44. Qc5 Kg7 45. Qe5+ f6 46. Qc5 (46. Qe4 $5 ) 46... Kh6 47. Kf1 g5 48. Kg1 Kg6 49. Qc2 Kf7 50. Qc5 Ke6 {[%emt 0:02:05] Inhibits f4.} (50... Kg7 $11) 51. Rd1 {[%emt 0:03:44] aiming for Qa7. White is much more active.} Kf7 52. Rd3 (52. f4 $14) 52... Kg7 53. Kf1 Kg6 54. Qc2 Kh6 55. Qc5 Kh7 (55... Kg7 $11 {remains equal.}) 56. Kg1 (56. f4 $16) 56... Kg8 (56... Kg7 $11) 57. Kf1 (57. f4 $14) 57... Kf7 {[%emt 0:00:03] The position is equal.} 58. Kg1 (58. f4 {feels hotter.} Qb6 59. Qd5+ Qe6 60. Qxa5 Rxb3 61. Qc7+) 58... Qe7 {[%emt 0:02:28] Against f4} 59. Qd5+ Qe6 60. Rxd4 {[%emt 0:01:10] And now Qxe6+ would win.} Qxd5 61. Rxd5 Rxb3 62. Rxa5 Rb1+ {[%emt 0:00:05] Weighted Error Value: White=0.13 (very precise) /Black=0.15 (very precise)} 1/2-1/2

[Event "85th Tata Steel Challengers 2023"]
[Site "Wijk aan Zee"]
[Date "2023.01.17"]
[Round "4.2"]
[White "Ivic, Velimir"]
[Black "Vaishali, Rameshbabu"]
[Result "1-0"]
[ECO "B45"]
[WhiteElo "2585"]
[BlackElo "2425"]
[Annotator "TA"]
[PlyCount "93"]
[EventDate "2023.01.10"]
[EventType "tourn"]
[EventCountry "NED"]
[SourceTitle "playchess.com"]
[Source "ChessBase"]
[SourceQuality "1"]
[TimeControl "40/6000+30:30/3000+30:900+30"]

1. e4 c5 2. Nf3 e6 3. d4 cxd4 4. Nxd4 Nf6 5. Nc3 Nc6 6. Nxc6 bxc6 7. e5 Nd5 8. Ne4 Qc7 9. f4 Qb6 10. c4 Bb4+ 11. Ke2 f5 12. Nf2 Ba6 13. Kf3 Ne7 14. Be3 Bc5 15. Bxc5 Qxc5 16. Qd6 Qb6 17. b3 c5 18. Rd1 Bb7+ (18... Qxd6 {simplifies} 19. exd6 Bb7+ 20. Ke3 Ng6) 19. Ke3 $1 {[%emt 0:02:21] The main line 19.Ke3 scores better than 19.Kg3. B45: Sicilian Four Knights.} Qxd6 {[%emt 0:14:09] is the legacy move (19...Kf7).} 20. exd6 Ng6 21. Nd3 {[%emt 0:01:09] The position is equal.} Rc8 22. h4 h5 23. Be2 Kf7 (23... Bxg2 24. Rhg1 Nxh4 25. Kf2 $16) (23... Be4 $1 $11 {keeps the balance.}) 24. Bf3 $16 Bxf3 25. gxf3 {[%emt 0:00:42] [#]} Rhe8 $146 (25... Rh6 $16) ({Predecessor:} 25... Kf6 26. Rhg1 Nf8 27. Ne5 Rb8 28. Rg5 g6 29. Rdg1 Rg8 30. Rd1 Rb6 31. Rd3 Rb7 {½-½ Murdzia,P (2446)-Mikhaletz,L (2471) POL-chT 59th 2003 (9)}) 26. Ne5+ $2 ({Only move:} 26. Rhg1 $18) 26... Nxe5 $14 27. fxe5 {[%emt 0:00:02][%mdl 4096] Endgame KRR-KRR} a5 28. Rb1 Rc6 29. Rb2 Rb8 30. Rhb1 Rcb6 31. a3 (31. Kd3 $14) 31... g5 $1 $11 32. hxg5 Kg6 33. f4 h4 34. Kf3 Kh5 $1 35. g6 {[%emt 0:03:57][%mdl 64] Hoping for g7. Decoy} Kxg6 (35... Kh6 $1 $11 {and Black stays safe.}) 36. Rg1+ $18 Kf7 {[%emt 0:01:14] [#]} 37. b4 {[%emt 0:00:32][%mdl 512] Rbg2 would be deadly.} axb4 (37... cxb4 $2 38. Rbg2 Rf8 39. Rg7+ Ke8 40. c5 $18) (37... h3 38. b5) 38. Rbg2 {[%emt 0:00:46] White threatens Rg7+ and mate.} Rf8 (38... bxa3 $2 39. Rg7+ Ke8 40. Rg8+ Kf7 41. R1g7#) 39. Rg7+ Ke8 40. axb4 cxb4 (40... Rxb4 $18 41. Ra1 Rb8) 41. Ra1 Rb8 {[%emt 0:50:08] [#]} 42. Re7+ $1 (42. Ra7 Rf7 $11) 42... Kd8 43. Ra7 {[%emt 0:00:00] White mates.} h3 44. Rexd7+ Ke8 45. Re7+ Kd8 46. c5 ({Not} 46. Rxe6 Rh8 47. Ree7 h2 48. Red7+ Ke8 49. Re7+ Kf8 50. Rf7+ Ke8 51. Rae7+ (51. Rxf5 h1=Q+ 52. Ke3 Rh3+ 53. Kd4 Qg1+ 54. Ke4 Qe3+ 55. Kd5 Qxa7 56. Rg5 Rd3+ 57. Ke4 Re3+ 58. Kd5 Qb7+ 59. Kd4 Qe4+ 60. Kc5 Rc8+ {[%mdl 64] Skewer} 61. Kb6 Qc6+ 62. Ka5 Ra8+ 63. Kxb4 Qb6#) 51... Kd8 52. Rd7+ (52. Rxf5 h1=Q+ 53. Ke3 Qg1+ 54. Ke4 Qb1+ {[%mdl 64] Skewer} 55. Ke3 Qg1+ 56. Ke4 Qb1+ {[%mdl 64] Skewer, Deflection} 57. Kd5 Qxf5 58. Ra7 b3 59. Rg7 Qxf4 60. Rg1 Rb4) 52... Ke8 53. Rfe7+ Kf8 54. Rf7+ Ke8 55. Rde7+ Kd8 56. Rd7+ (56. Rxf5 h1=Q+ 57. Ke3 Qg1+ 58. Ke4 Qb1+ {[%mdl 64] Skewer, Deflection} 59. Kf3 Qxf5 60. Rg7 Qd3+ 61. Kg2 Ra8) 56... Ke8 $11) 46... h2 47. Kg2 {[%emt 0:00:00] Weighted Error Value: White=0.14 (very precise) /Black=0.48} (47. Rxe6 {leads to mate.} h1=Q+ 48. Ke3 Rh8) 1-0

[Event "85th Tata Steel Challengers 2023"]
[Site "Wijk aan Zee"]
[Date "2023.01.17"]
[Round "4.3"]
[White "Adhiban, B.."]
[Black "Sindarov, Javokhir"]
[Result "1/2-1/2"]
[ECO "E81"]
[WhiteElo "2610"]
[BlackElo "2654"]
[Annotator "TA"]
[PlyCount "78"]
[EventDate "2023.01.10"]
[EventType "tourn"]
[EventCountry "NED"]
[SourceTitle "playchess.com"]
[Source "ChessBase"]
[SourceQuality "1"]
[TimeControl "40/6000+30:30/3000+30:900+30"]

1. d4 Nf6 2. c4 g6 3. f3 Bg7 4. e4 d6 5. Nc3 O-O 6. Be3 c5 7. dxc5 dxc5 8. Qxd8 Rxd8 9. Bxc5 Nc6 10. Rd1 Rxd1+ {[%emt 0:06:55] E81: King's Indian: Sämisch: 6th move deviations (including 6 Be3 c6).} 11. Kxd1 Nd7 12. Bf2 Bxc3 13. bxc3 Nde5 14. Ne2 {[%emt 0:00:05] [#]} Nxc4 $146 ({Predecessor:} 14... f5 15. exf5 Bxf5 16. Nd4 Rd8 17. Kc1 Nd3+ 18. Bxd3 Bxd3 19. Nxc6 bxc6 20. Rd1 a6 21. Rxd3 Rxd3 {1-0 Van Foreest,J (2702)-Jones,G (2665) FRA-chT Top 16 Gp Haute 2022 (4.3)}) 15. Nf4 Nd6 16. Nd5 Bd7 17. Bg3 Rd8 18. Bd3 ({Wrong is} 18. Nxe7+ $2 Nxe7 19. Kc1 Ba4 $19) 18... Be6 19. Kc2 Bxd5 20. exd5 Na5 21. Re1 Kf8 22. Bf4 f6 23. h4 Ndc4 24. Re4 Nb6 25. d6 e5 26. Be3 Kf7 27. h5 Rxd6 28. hxg6+ hxg6 29. Rh4 f5 30. Rh7+ Kg8 31. Rc7 Rc6 32. Bxb6 axb6 $11 {[%emt 0:00:02][%mdl 4096] Endgame KRB-KRN} 33. Re7 Kf8 34. Rxe5 Rc5 35. Re1 Nc6 36. Rb1 Ra5 37. Bc4 Rc5 38. Bd3 (38. Bf1 $5 ) 38... Ra5 39. Bc4 Rc5 {[%emt 0:00:03] Weighted Error Value: White=0.04 (flawless) /Black=0.03 (flawless)} 1/2-1/2